 Dungeon Sprint DCSS version 0.31.0-12-g77e489cdc1 (webtiles) character file.

Game seed: 18070763822705335984

24122 CougarLife the Tortoise (level 12, -22/128 HPs)
             Began as a Minotaur Fighter on Feb 27, 2024.
             Was the Champion of Qazlal.
             Killed from afar by an Ice Fiend (27 damage)
             ... with a bolt of cold
             ... in the Dungeon (Sprint V: "Ziggurat Sprint").
             The game lasted 00:06:04 (1295 turns).

CougarLife the Tortoise (Minotaur Fighter)          Turns: 1295, Time: 00:06:04

Health: -22/128    AC: 42    Str: 35    XL:     12   Next: 77%
Magic:  6/22       EV:  4    Int: 11    God:    Qazlal [******]
Gold:   0          SH: 45    Dex: 11    Spells: 11/11 levels left

rFire   . . .        B - +16 obsidian axe {drain, demonic, Mesm ^Drain Fly SInv}
rCold   + . .        D - +18 shield of the Gong {Loud rN+ Will+ rCorr EV-5}
rNeg    + . .        C - +15 Maxwell's patent armour {-Cast -Tele rElec Will+ rCorr}
rPois   .            H - +2 hood of the Assassin {Detect Stab+ Stlth++}
rElec   +            y - +2 cloak of Ubiquitous Contentment {Int+4}
rCorr   +            (no gloves)
SInv    +            O - +1 pair of boots {Stlth+}
Will    ++...        P - amulet of reflection Stlth
                     z - +6 ring of strength
HPRegen 0.41/turn    A - +6 ring of strength
MPRegen 0.18/turn

%: no teleportation, no spellcasting, repel missiles, reflection
@: protected from cold, flying, mesmerised, studying Hexes
A: horns 2, retaliatory headbutt
a: Renounce Religion, Upheaval, Elemental Force, Disaster Area


You were in the Dungeon.
You worshipped Qazlal.
Qazlal was exalted by your worship.
You visited 1 branch

Inventory:

Hand Weapons
 B - the +16 obsidian axe (weapon) {drain, demonic, Mesm ^Drain Fly SInv}
   (You found it in the Dungeon)

   Mesm:      Its wielder is mesmerised by any visible foes, and it cannot be
   unequipped while any foes are visible.
   SInv:      It lets you see invisible.
   Fly:       It grants you flight.
   ^Drain:    It drains your maximum health when unequipped.
Armour
 y - the +2 cloak of Ubiquitous Contentment (worn) {Int+4}
   (You found it in the Dungeon)

   Int+4:     It affects your intelligence (+4).
 C - the +15 Maxwell's patent armour (worn) {-Cast -Tele rElec Will+ rCorr}
   (You found it in the Dungeon)

   rElec:     It insulates you from electricity.
   Will+:     It increases your willpower.
   -Cast:     It prevents spellcasting.
   -Tele:     It prevents most forms of teleportation.
   rCorr:     It protects you from acid and corrosion.
 D - the +18 shield of the Gong (worn) {Loud rN+ Will+ rCorr EV-5}
   (You found it in the Dungeon)

   Loud:      It is deafeningly noisy when blocking attacks.
   EV-5:      It affects your evasion (-5).
   rN+:       It protects you from negative energy.
   Will+:     It increases your willpower.
   rCorr:     It protects you from acid and corrosion.
 E - a +3 tower shield
 F - a +5 crystal plate armour
 H - the +2 hood of the Assassin (worn) {Detect Stab+ Stlth++}
   (You found it in the Dungeon)

   Detect:    It allows the wearer to sense nearby creatures.
   Stab+:     It allows the wearer to make particularly effective stabbing
   attacks against helpless or unaware enemies with any weapon.
   Stlth++:   It makes you much more stealthy.
 O - a +1 pair of boots of stealth (worn)
Jewellery
 a - a ring of protection from cold
 c - a ring of see invisible
 u - a ring of flight
 v - an amulet of magic regeneration
 w - a ring of poison resistance
 z - a +6 ring of strength (left hand)
 A - a +6 ring of strength (right hand)
 G - the ring "Wuorim" {rPois Dex+3}
   (You found it in the Dungeon)

   [ring of poison resistance]

   Dex+3:     It affects your dexterity (+3).
   rPois:     It protects you from poison
 I - a ring of resist corrosion
 M - the ring "Barumaam" {rN+ rCorr}
   (You found it in the Dungeon)

   [ring of positive energy]

   rN+:       It protects you from negative energy.
   rCorr:     It protects you from acid and corrosion.
 P - an amulet of reflection (around neck)
 R - a ring of willpower
Wands
 n - a wand of roots (14)
 s - a wand of mindburst (15)
 t - a wand of acid (25)
 J - a wand of polymorph (10)
 K - a wand of flame (16)
 L - a wand of paralysis (10)
 N - a wand of digging (11)
Scrolls
 j - 4 scrolls of blinking
 o - 4 scrolls of amnesia
 p - 7 scrolls of fog
 q - 5 scrolls of identify
 r - 2 scrolls of fear
Potions
 d - 6 potions of might
 e - 10 potions of curing
 f - 8 potions of heal wounds
 g - 6 potions of haste
 h - 7 potions of magic
 i - 3 potions of berserk rage
 k - 2 potions of brilliance
 l - 2 potions of invisibility
 m - 4 potions of resistance
Miscellaneous
 b - a tin of tremorstones (2/2)
 x - a sack of spiders


   Skills:
 + Level 18.5 Fighting
 + Level 18.3 Axes
 + Level 18.5 Armour
 + Level 18.5 Shields
 + Level 15.0 Invocations


You had 11 spell levels left.
You didn't know any spells.
Your spell library contained the following spells:

 Spells                   Type           Power      Damage    Failure   Level
 Kiss of Death            Conj/Necr      0%         2d5       83%         1
 Necrotise                Necr           0%         1d4       83%         1
 Sandblast                Erth           0%         2d4       83%         1
 Summon Small Mammal      Summ           0%         N/A       83%         1
 Blink                    Tloc           0%         N/A       93%         2
 Lesser Beckoning         Tloc           0%         N/A       93%         2
 Momentum Strike          Conj/Tloc      0%         3d8       93%         2
 Static Discharge         Conj/Air       0%         3-3/arc   93%         2
 Confusing Touch          Hex            0%         N/A       99%         3
 Dazzling Flash           Conj/Hex       0%         N/A       99%         3
 Hailstorm                Conj/Ice       0%         3d5       99%         3
 Mephitic Cloud           Conj/Alch/Air  0%         N/A       99%         3
 Passwall                 Erth           0%         N/A       99%         3
 Stone Arrow              Conj/Erth      0%         3d7       99%         3
 Summon Ice Beast         Ice/Summ       0%         N/A       99%         3
 Vampiric Draining        Necr           0%         2d6       99%         3
 Volatile Blastmotes      Fire/Tloc      0%         2d10      99%         3
 Airstrike                Air            0%         2d(0-16)  100%        4
 Brom's Barrelling Bould  Conj/Erth      0%         2d3       100%        4
 Dispel Undead            Necr           0%         3d6       100%        4
 Martyr's Knell           Necr/Summ      0%         N/A       100%        4
 Passage of Golubria      Tloc           0%         N/A       100%        4
 Summon Blazeheart Golem  Fire/Summ      0%         N/A       100%        4
 Summon Lightning Spire   Summ/Air       0%         N/A       100%        4
 Vhi's Electric Charge    Tloc/Air       0%         N/A       100%        4
 Arcjolt                  Conj/Air       0%         1d10      100%        5
 Curse of Agony           Necr           0%         N/A       100%        5
 Lee's Rapid Deconstruct  Erth           0%         3d4*      100%        5
 Silence                  Hex/Air        0%         N/A       100%        5
 Plasma Beam              Fire/Air       0%         2x1d10    100%        6
 Sculpt Simulacrum        Ice/Alch       0%         N/A       100%        6
 Haunt                    Necr/Summ      0%         N/A       100%        7
 Malign Gateway           Summ/Tloc      0%         N/A       100%        7
 Borgnjor's Revivificati  Necr           0%         N/A       100%        8
 Chain Lightning          Conj/Air       0%         N/A       100%        9


Dungeon Overview and Level Annotations

Branches:
Dungeon (1/1)

Altars:
Ashenzari
Cheibriados
Dithmenos
Elyvilon
Fedhas
Gozag
Hepliaklqana
Kikubaaqudgha
Makhleb
Nemelex Xobeh
Okawaru
Qazlal
Ru
Sif Muna
Trog
Uskayaw
Vehumet
Wu Jian
Xom
Yredelemnul
Zin
The Shining One
Jiyva
Lugonu

Annotations:
D 1 transporter


Innate Abilities, Weirdness & Mutations

You have a pair of horns on your head.
You reflexively headbutt those who attack you in melee.


Message History

You block the nargun's attack.
GONNNNG!
You block the nargun's attack.
GONNNNG!
The frost giant casts a spell at you. The bolt of cold hits you!! You resist.
You feel more protected from cold.
* * * LOW HITPOINT WARNING * * *
The bolt of cold hits the Ice Fiend.
The Ice Fiend completely resists.
You block the Ice Fiend's attack.
PTOANNNG!
The Ice Fiend claws you but does no damage.
You feel much better. The nargun hits you!
* * * LOW HITPOINT WARNING * * *
You block the nargun's attack.
BOUMMMMG!
You block the Ice Fiend's attack.
PTOANNNG!
You block the Ice Fiend's attack.
BOUMMMMG!
The frost giant points at you and mumbles some strange words.
The bolt of cold hits you! You resist.
You feel more protected from cold.
* * * LOW HITPOINT WARNING * * *
The bolt of cold hits the Ice Fiend.
The Ice Fiend completely resists.
You feel much better.
Visions of slaying the Ice Fiend flood into your mind.
The nargun is engulfed in a thunderstorm.
You block the nargun's attack.
GONNNNG!
The nargun bites you!
* * * LOW HITPOINT WARNING * * *
The nargun freezes you! You resist.
You feel more protected from cold.
* * * LOW HITPOINT WARNING * * *
The Ice Fiend is engulfed in a thunderstorm.
The Ice Fiend gestures at you. The bolt of cold hits you!! You resist.
You feel more protected from cold.
You die...

▓........▓.
▓▓▓▓▓▓▓▓▓▓▓▓▓...†....▓.
▓....8©8|...▓........▓.
▓..:[:=:=≈..▓.▓....▓.▓.
▓...|[:≈≈≈..▓...©....▓.
▓....≈≈≈≈...▓▓▓▓▓▓▓▓▓▓▓
▓....☼≈.§...▓...8©8...▓
▓...§C9.....▓..)......▓
▓...☼.@.....▓....||...▓
▓..▓○..1.▓..▓.........▓
▓▓.§°▓▓ ▓.........▓
▓..▓.....▓..▓.....)...▓
▓.....©.....▓...††)...▓
▓▓▓▓▓▓▓▓▓▓▓▓▓.........▓
▓...|8©8....▓....©....▓
▓......).=..▓▓▓▓▓▓▓▓▓▓▓
▓....|.)|...▓...8©8...▓


You could see a frost giant, an Ice Fiend (mesmerising) and a nargun.

Vanquished Creatures
  A Hell Sentinel (D)
  4 ancient champions (D)
  A nargun (D)
  2 quicksilver elementals (D)
  3 war gargoyles (D)
  3 dancing weapons (D)
  2 orc high priests (D)
  A deep elf knight (D)
  A wretched star (D)
  A deep elf archer (D)
  A deep elf pyromancer (D)
  A deep elf zephyrmancer (D)
  An orc knight (D)
  An orc sorcerer (D)
  2 draconians (D)
  A worldbinder (D)
  3 black mambas (D)
  A naga mage (D)
  A hellion (D)
  2 tormentors (D)
  A guardian mummy (D)
  A freezing wraith (D)
  An ancient zyme (D)
  A tarantella (D)
  A jumping spider (D)
  A water elemental (D)
  5 starcursed masses (D)
  An ushabti (D)
  2 nagas (D)
  3 water moccasins (D)
  A hell hound (D)
  4 orc warriors (D)
  3 ogres (D)
  A phantom (D)
  4 necrophages (D)
  Blork the orc (D)
  A scorpion (D)
  2 wights (D)
  4 crimson imps (D)
  2 quasits (D)
  Crazy Yiuf (D)
  An iron imp (D)
  Jessica (D)
  2 mummies (D)
  3 adder zombies (D)
  3 adder simulacra (D)
  4 ball pythons (D)
  A bat skeleton (D)
  A bat zombie (D)
  2 ball python simulacra (D)
  A ball python skeleton (D)
  3 ball python zombies (D)
  A bat simulacrum (D)
  A quokka zombie (D)
98 creatures vanquished.

Vanquished Creatures (collateral kills)
  An iron golem (D)
  Sigmund (D)
2 creatures vanquished.

Vanquished Creatures (others)
  A water elemental (D)
1 creature vanquished.

Grand Total: 101 creatures vanquished

Notes
Turn   | Place    | Note
-------+----------+-------------------------------------------
     0 | D        | CougarLife the Minotaur Fighter began the quest for the
                  | Orb.
     0 | D        | Reached XP level 1. HP: 19/19 MP: 0/0
     0 | D        | Found a shimmering blue altar of Sif Muna.
     0 | D        | Found a sacrificial altar of Ru.
     0 | D        | Found a bloodstained altar of Trog.
     0 | D        | Found a stormy altar of Qazlal.
     0 | D        | Found an iron altar of Okawaru.
     0 | D        | Found a sparkling altar of Nemelex Xobeh.
     0 | D        | Found a blossoming altar of Fedhas.
     0 | D        | Found the +6 Majin-Bo {spellvamp, MP+6 Int+6}
     0 | D        | Found the +27 heavy crossbow "Sniper" {heavy, Acc+∞ SInv}
     0 | D        | Found the +10 dark maul {heavy}
     0 | D        | Found the +15 Maxwell's patent armour {-Cast -Tele rElec
                  | Will+ rCorr}
     0 | D        | Found the +18 shield of the Gong {Loud rN+ Will+ rCorr
                  | EV-5}
     0 | D        | Found the +16 obsidian axe {drain, demonic, Mesm ^Drain Fly
                  | SInv}
     0 | D        | Found the +7 great mace "Firestarter" {flame, immolate,
                  | rFlCloud rF++}
     0 | D        | Found the +6 shillelagh "Devastator" {shatter}
     0 | D        | Found the +11 plutonium sword {^Contam Stlth-}
     0 | D        | Found the +8 lance "Wyrmbane" {slay drac, rPois rF+ rC+
                  | AC+3}
     0 | D        | Found the +9 sword of Zonguldrok {reap}
     0 | D        | Found the +13 scythe of Curses {drain, curses, ^Drain}
     0 | D        | Found the +9 sword of Power {lifebolt}
     0 | D        | Found the +7 mace of Variability {chaos, chaos arc}
     0 | D        | Found the +11 Singing Sword {sonic wave}
     0 | D        | Found the +8 storm bow {elec, penet}
     2 | D        | Found a transporter.
     2 | D        | Found an ancient bone altar of Kikubaaqudgha.
     2 | D        | Found a viscous altar of Jiyva.
     2 | D        | Found a corrupted altar of Lugonu.
     2 | D        | Found a hazy altar of Hepliaklqana.
     2 | D        | Found a burning altar of Makhleb.
     2 | D        | Found an opulent altar of Gozag.
    65 | D        | Reached skill level 5 in Fighting
    65 | D        | Reached skill level 5 in Axes
    65 | D        | Reached skill level 5 in Armour
    65 | D        | Reached skill level 5 in Shields
    65 | D        | Reached XP level 2. HP: 30/30 MP: 1/1
    84 | D        | Became a worshipper of Qazlal Stormbringer
    92 | D        | Entered arena 2.
    92 | D        | Noticed a draconian
    92 | D        | Noticed a draconian
    92 | D        | Found a transporter.
    99 | D        | Killed a draconian
   100 | D        | Reached skill level 5 in Invocations
   100 | D        | Reached XP level 3. HP: 36/41 MP: 1/5
   100 | D        | Reached XP level 4. HP: 43/49 MP: 1/6
   100 | D        | Reached XP level 5. HP: 49/56 MP: 1/7
   100 | D        | Reached XP level 6. HP: 54/62 MP: 1/8
   104 | D        | Killed a draconian
   105 | D        | Reached XP level 7. HP: 64/71 MP: 1/10
   131 | D        | Got the Folio of Chthonic Creation
   277 | D        | Entered arena 3.
   277 | D        | Noticed a tarantella
   277 | D        | Noticed a jumping spider
   277 | D        | Found a transporter.
   279 | D        | Killed a jumping spider
   279 | D        | Reached * piety under Qazlal
   280 | D        | Reached skill level 10 in Fighting
   280 | D        | Reached skill level 10 in Armour
   280 | D        | Reached skill level 10 in Shields
   280 | D        | Killed a tarantella
   281 | D        | Reached skill level 10 in Axes
   281 | D        | Reached XP level 8. HP: 80/80 MP: 10/12
   305 | D        | Entered arena 4.
   305 | D        | Noticed Sigmund
   305 | D        | Noticed Jessica
   305 | D        | Noticed Blork the orc
   305 | D        | Noticed Crazy Yiuf
   305 | D        | Found a transporter.
   309 | D        | Killed Crazy Yiuf
   309 | D        | Reached ** piety under Qazlal
   309 | D        | Killed Blork the orc
   311 | D        | Killed Sigmund
   313 | D        | Killed Jessica
   361 | D        | Got the amulet "Qexoonuwk" {Acrobat Dex+2}
   374 | D        | Entered arena 5.
   374 | D        | Found a transporter.
   375 | D        | Reached *** piety under Qazlal
   381 | D        | Got the Handbook of Ghastly Anthracomancy
   387 | D        | Entered arena 6.
   387 | D        | Found a transporter.
   389 | D        | Reached **** piety under Qazlal
   391 | D        | Reached ***** piety under Qazlal
   396 | D        | Got the +2 cloak of Ubiquitous Contentment {Int+4}
   400 | D        | Got the ring "Wuorim" {rPois Dex+3}
   410 | D        | Entered arena 7.
   410 | D        | Noticed a black mamba
   410 | D        | Noticed a black mamba
   410 | D        | Noticed a naga mage
   411 | D        | Found a transporter.
   415 | D        | Killed a black mamba
   416 | D        | Reached XP level 9. HP: 90/90 MP: 14/14
   416 | D        | Killed a black mamba
   417 | D        | Killed a naga mage
   433 | D        | Entered arena 8.
   433 | D        | Found the +2 hood of the Assassin {Detect Stab+ Stlth++}
   433 | D        | Noticed a guardian mummy
   434 | D        | Found a transporter.
   438 | D        | Reached ****** piety under Qazlal
   440 | D        | Killed a guardian mummy
   481 | D        | Entered arena 9.
   481 | D        | Noticed a black mamba
   482 | D        | Found a transporter.
   488 | D        | Killed a black mamba
   493 | D        | Reached skill level 10 in Invocations
   528 | D        | Entered arena 10.
   529 | D        | Found a transporter.
   534 | D        | Reached XP level 10. HP: 101/101 MP: 16/16
   542 | D        | Got the ring "Barumaam" {rN+ rCorr}
   551 | D        | Entered arena 11.
   551 | D        | Noticed a deep elf archer
   551 | D        | Noticed a deep elf knight
   551 | D        | Noticed a deep elf pyromancer
   551 | D        | Noticed a deep elf zephyrmancer
   551 | D        | Noticed a +6 long sword of protection
   551 | D        | Noticed a +4 war axe of flaming
   551 | D        | Noticed a +2 scimitar of holy wrath
   552 | D        | Found a transporter.
   556 | D        | Killed a deep elf knight
   557 | D        | Killed a +6 long sword of protection
   558 | D        | Killed a +4 war axe of flaming
   559 | D        | Killed a deep elf zephyrmancer
   559 | D        | Killed a deep elf archer
   560 | D        | Killed a +2 scimitar of holy wrath
   562 | D        | Killed a deep elf pyromancer
   563 | D        | Reached skill level 15 in Armour
   563 | D        | Reached XP level 11. HP: 46/111 MP: 1/18
   738 | D        | Got Cilaxi's Catalogue of Lethal Translocation
   760 | D        | Entered arena 12.
   761 | D        | Noticed a starcursed mass
   761 | D        | Identified the +8 shortbow "Dufred" {antimagic, ^Contam
                  | *Slow rPois rCorr}
   761 | D        | Noticed a wretched star
   762 | D        | Found a transporter.
   764 | D        | Reached skill level 15 in Fighting
   764 | D        | Reached skill level 15 in Shields
   764 | D        | Killed a starcursed mass
   767 | D        | Reached skill level 15 in Axes
   772 | D        | Killed a wretched star
   773 | D        | Killed a starcursed mass
   973 | D        | Entered arena 13.
   973 | D        | Noticed an orc sorcerer
   973 | D        | Noticed an orc knight
   973 | D        | Noticed an orc high priest
   974 | D        | Noticed an orc high priest
   975 | D        | Found a transporter.
   976 | D        | Killed an orc sorcerer
   976 | D        | Killed an orc high priest
   983 | D        | Killed an orc knight
   983 | D        | Killed an orc high priest
  1015 | D        | Got the Opusculum on Beckoning and Fumes
  1035 | D        | Entered arena 14.
  1035 | D        | Noticed a war gargoyle
  1035 | D        | Noticed a war gargoyle
  1035 | D        | Noticed an ancient champion
  1035 | D        | Noticed an ancient champion
  1035 | D        | Noticed a quicksilver elemental
  1036 | D        | Noticed an iron golem
  1036 | D        | Noticed a war gargoyle
  1036 | D        | Noticed an ancient champion
  1036 | D        | Noticed a quicksilver elemental
  1037 | D        | Identified the ring "Gaysig" {rPois rF+ rC+ rN+ rCorr}
  1037 | D        | Noticed an ancient champion
  1037 | D        | Noticed a Hell Sentinel
  1038 | D        | Killed a quicksilver elemental
  1039 | D        | Killed a war gargoyle
  1039 | D        | Killed an ancient champion
  1039 | D        | Killed an ancient champion
  1039 | D        | Killed a war gargoyle
  1040 | D        | Reached XP level 12. HP: 87/125 MP: 3/21
  1040 | D        | Killed a quicksilver elemental
  1041 | D        | Killed a war gargoyle
  1042 | D        | Found a transporter.
  1043 | D        | Killed an ancient champion
  1048 | D        | Killed an ancient champion
  1051 | D        | Killed a Hell Sentinel
  1059 | D        | Killed an iron golem
  1283 | D        | Entered arena 15.
  1283 | D        | Noticed a nargun
  1283 | D        | Noticed a nargun
  1284 | D        | Noticed an Ice Fiend
  1285 | D        | Noticed a frost giant
  1286 | D        | Found a transporter.
  1292 | D        | Killed a nargun
  1293 | D        | Reached skill level 15 in Invocations
  1293 | D        | HP: 6/128 [frost giant/bolt of cold (28)]
  1295 | D        | Killed from afar by an Ice Fiend

Illustrated notes

Levels and vault maps discovered:
D:        sprint_v [room_start, room_1, room_2, room_3, room_4, room_5, room_6,
          room_7, room_8, room_9, room_10, room_11, room_12, room_13, room_14,
          room_15, room_16, room_17, room_18, room_19, room_20, room_21,
          room_22, room_23, room_24, room_25, room_26, room_27]

Skill      XL: |  1  2  3  4  5  6  7  8  9 10 11 12 |
---------------+-------------------------------------+-----
Fighting       | 5 8 9 10 11 13 14 17 18 | 18.5
Axes           | 5 8 9 10 11 13 14 17 18 | 18.3
Armour         | 5 8 9 10 11 13 15 17 18 | 18.5
Shields        | 5 8 9 10 11 13 14 17 18 | 18.5
Invocations    | 5 6 7 8 10 11 13 15 | 15.0

Action                     |  1- 3 |  4- 6 |  7- 9 | 10-12 || total
---------------------------+-------+-------+-------+-------++-------
  Melee: Broad axe         |     6 |     5 |    39 |    48 ||    98
         Headbutt          |     2 |       |     5 |     8 ||    15
 Invoke: Disaster Area     |       |       |       |     8 ||     8
    Use: Potion            |     1 |       |       |     2 ||     3
   Stab: Distracted        |       |       |       |     1 ||     1
 Armour: Plate armour      |     6 |     1 |    11 |    49 ||    67
  Dodge: Dodged            |       |       |     1 |     6 ||     7
         Repelled          |       |       |       |     1 ||     1
  Block: Kite shield       |    12 |     4 |    71 |    94 ||   181
         Reflection        |       |       |       |     2 ||     2
